 Dungeon Crawl Stone Soup version 0.28-a0-312-gbced6e68ee (webtiles) character file.

Game seed: 7472038170721054149

37 Spaninq the Ruffian (level 3, -9/30 HPs)
             Began as a Ghoul Warper on Aug 30, 2021.
             Mangled by Terence (11 damage)
             ... on level 2 of the Dungeon.
             The game lasted 00:02:57 (1397 turns).

Spaninq the Ruffian (Ghoul Warper)                  Turns: 1397, Time: 00:02:58

Health: -9/30      AC:  3    Str: 15    XL:     3   Next: 39%
Magic:  4/4        EV: 11    Int:  8    God:
Gold:   30         SH:  0    Dex:  8    Spells: 3/5 levels left

rFire   . . .      SeeInvis .     - Unarmed
rCold   + . .      Faith    .   (no shield)
rNeg    + + +      Spirit   .   a - +0 leather armour
rPois   ∞          Reflect  .   (no helmet)
rElec   .          Harm     .   (no cloak)
rCorr   .          Rampage  .   (no gloves)
Will    .....                   (no boots)
Stlth   +.........              (no amulet)
HPRegen 0.00/turn               (no ring)
MPRegen 0.09/turn               (no ring)

@: inhibited regen, hasted, very quick
A: claws 1, cold resistance 1, negative energy resistance 3, inhibited
regeneration, torment resistance 2
a: no special abilities


You were on level 2 of the Dungeon.
You visited 1 branch of the dungeon, and saw 2 of its levels.

You collected 30 gold pieces.

Inventory:

Missiles
 c - 5 boomerangs of dispersal (quivered)
 f - 86 stones
Armour
 a - a +0 leather armour (worn)
Scrolls
 b - a scroll of blinking
 d - a scroll of magic mapping {unknown}
 e - a scroll of identify {unknown}
 i - a scroll of immolation {unknown}
Potions
 g - a potion of haste
 h - a potion of heal wounds {unknown}


   Skills:
 + Level 2.7 Fighting
 - Level 0.8 Throwing
 + Level 1.5 Armour
 - Level 1.7 Dodging
 * Level 3.3 Unarmed Combat
 - Level 1.7 Spellcasting
 - Level 2.6 Translocations


You had 3 spell levels left.
You knew the following spells:

 Your Spells              Type           Power      Damage    Failure   Level
a - Blink                 Tloc           N/A        N/A       22%         2

Your spell library contained the following spells:

 Spells                   Type           Power      Damage    Failure   Level
 Gell's Gravitas          Tloc           2%         N/A       41%         3
 Lesser Beckoning         Tloc           5%         N/A       41%         3
 Teleport Other           Tloc           5%         N/A       41%         3
 Manifold Assault         Tloc           5%         N/A       99%         5


Dungeon Overview and Level Annotations

Branches:
Dungeon (2/15)

Altars:

Annotations:
D:2 Terence


Innate Abilities, Weirdness & Mutations

You thrive by killing the living.
You are immune to poison.
You have sharp fingernails.
Your flesh is cold resistant. (rC+)
You are immune to negative energy. (rN+++)
You do not regenerate when monsters are visible.
You are immune to unholy pain and torment.


Message History

Terence is lightly wounded.
Terence hits you with a +1 morningstar of protection.
* * * LOW HITPOINT WARNING * * *
You scratch Terence but do no damage.
Terence is lightly wounded.
You barely miss Terence.
Terence is lightly wounded.
Terence closely misses you.
Your leather armour prevents you from hitting Terence.
Terence is lightly wounded.
Terence hits you with a +1 morningstar of protection.
* * * LOW HITPOINT WARNING * * *
You scratch Terence but do no damage.
Terence is lightly wounded.
You barely miss Terence.
Terence is lightly wounded.
Terence barely misses you.
You scratch Terence but do no damage. Terence barely misses you.
You scratch Terence but do no damage. You scratch Terence but do no damage.
Terence barely misses you.
You scratch Terence.
Terence is lightly wounded.
You scratch Terence but do no damage.
Terence is lightly wounded.
Terence barely misses you.
You scratch Terence but do no damage.
Terence is lightly wounded.
Terence misses you.
You scratch Terence but do no damage.
Terence is lightly wounded.
You scratch Terence but do no damage.
Terence is lightly wounded.
Terence closely misses you.
You barely miss Terence.
Terence is lightly wounded.
You scratch Terence but do no damage.
Terence is lightly wounded.
Terence says, "How do you enjoy it?"
Terence hits you with a +1 morningstar of protection!
You die...

##.≈≈≈...#....#
#.≈≈≈≈...#....# #
##≈≈≈≈≈≈..#....# #.
..≈≈≈≈..(.......
####.#####.≈≈≈≈≈..#....#
........#..≈≈≈≈...#....#
........#.≈≈≈≈≈.###....#
....>..[...≈.≈≈≈........
.......@##.≈≈≈≈≈########
......@.##≈≈≈≈≈.# #
........##≈≈≈≈≈≈# #
........##.≈≈≈.##
....!...##..≈≈≈≈≈
........##.≈≈≈≈≈≈≈
####.#####.≈≈≈≈≈≈≈≈# #.
##..≈≈≈≈≈## ###≈#####


You could see Terence.

Vanquished Creatures
  A dart slug (D:1)
  2 endoplasms
  A giant cockroach (D:2)
  3 goblins
  A hobgoblin (D:1)
  7 jackals (D:1)
  3 kobolds (D:1)
  2 ball pythons
  5 bats (D:1)
  7 rats
32 creatures vanquished.

Notes
Turn   | Place    | Note
-------+----------+-------------------------------------------
     0 | D:1      | Spaninq the Ghoul Warper began the quest for the Orb.
     0 | D:1      | Reached XP level 1. HP: 17/17 MP: 2/2
    41 | D:1      | Reached skill level 1 in Armour
   150 | D:1      | Found a faded altar of an unknown god.
   150 | D:1      | Noticed a golden eye
   153 | D:1      | Noticed a golden eye
   153 | D:1      | Noticed a floating eye
   153 | D:1      | Noticed a floating eye
   182 | D:1      | Reached XP level 2. HP: 25/25 MP: 3/3
   185 | D:1      | Learned a level 2 spell: Blink
   409 | D:1      | Reached skill level 3 in Unarmed Combat
   667 | D:1      | Reached XP level 3. HP: 30/30 MP: 4/4
  1376 | D:2      | Noticed Terence
  1397 | D:2      | Mangled by Terence

Illustrated notes

Levels and vault maps discovered:
D:1:      dpeg_arrival_round_c, layout_loops_corners,
          hellmonk_ecumenical_altar_watching_god, minmay_misc_feat_tiny
D:2:      layout_basic, serial_rivers, chequers_serial_rivers_micro_e,
          chequers_serial_rivers_large_a, chequers_serial_rivers_small_b,
          chequers_serial_rivers_marsh, uniq_terence

Skill      XL: |  1  2 |
---------------+-------+-----
Armour         | 1 |  1.5
Unarmed Combat | 3 |  3.3
Fighting       | |  2.7
Throwing       | |  0.8
Dodging        | |  1.7
Spellcasting   | |  1.7
Translocations | |  2.6

Action                   || total
-------------------------++-------
Melee: Unarmed           ||   140
  Use: Potion            ||     1
Armor: Leather armour    ||    30
Dodge: Dodged            ||    67

Table legend: (Time is in decaauts)
 A = Elapsed time spent in this place.
 B = Non-inter-level travel time spent in this place.
 C = Inter-level travel time spent in this place.
 D = Time resting spent in this place.
 E = Time spent auto-exploring this place.
 F = Levels seen in this place.
 G = Mean time per level.
                   A        B        C        D        E       F      G
               +--------+--------+--------+--------+--------+-----+--------+
         Total |   1388 |   1310 |     78 |      0 |   1034 |   2 |  694.0 |
       Dungeon |   1388 |   1310 |     78 |      0 |   1034 |   2 |  694.0 |
               +--------+--------+--------+--------+--------+-----+--------+

Top non-repeatable levels by time:
     D:1: 1218 daAuts
     D:2: 169 daAuts
